 Dungeon Crawl Stone Soup version 0.17-a0-1831-gaadb308 (webtiles) character file.

65 ololoev the Conjurer (level 3, -1/26 HPs)
             Began as a Draconian Conjurer on Sept 14, 2015.
             Killed by divine providence
             ... invoked by an orc priest
              (14 damage)
             ... on level 3 of the Dungeon.
             The game lasted 00:04:40 (3122 turns).

ololoev the Conjurer (Draconian Conjurer)           Turns: 3122, Time: 00:04:40

Health: -1/26      AC: 10    Str: 10    XL:     3   Next: 94%
Magic:  0/6        EV:  7    Int: 16    God:
Gold:   81         SH:  0    Dex: 11    Spells: 2 memorised, 4 levels left

rFire  . . .     SeeInvis .     o - +0 long sword (protect)
rCold  . . .     Clarity  .     (armour unavailable)
rNeg   + . .     SustAt   .     (no shield)
rPois  .         Gourm    .     (helmet restricted)
rElec  .         Spirit   .     (no cloak)
rCorr  .         Warding  .     (no gloves)
rMut   .         Stasis   .     (no boots)
MR     .....                    (no amulet)
Stlth  ++........               (no ring)
                                g - ring of positive energy

@: not resistant to hostile enchantments, unstealthy
A: unfitting armour, cold-blooded, AC +5
a: no special abilities


Innate Abilities, Weirdness & Mutations

Your plain brown scales are hard (AC +5).
Your body does not fit into most forms of armour.
You are cold-blooded and may be slowed by cold attacks.

Inventory:

Hand weapons
 o - a +0 long sword of protection (weapon)
Jewellery
 g - a ring of positive energy (left hand)
Scrolls
 c - 2 scrolls of remove curse {unknown}
 e - 3 scrolls of blinking {unknown}
 f - a scroll of magic mapping {unknown}
 i - a scroll of fear {unknown}
 j - 2 scrolls of identify {unknown}
 p - a scroll of enchant weapon {unknown}
Potions
 d - a potion of haste {unknown}
 k - a potion of agility {unknown}
 l - a potion of cancellation {unknown}
 m - 3 potions of curing {unknown}
 n - a potion of heal wounds {unknown}
 q - a potion of degeneration {unknown}
Books
 a - a book of Conjurations

   Spells                             Type                      Level
   a - Magic Dart                     Conjuration                  1
   b - Searing Ray                    Conjuration                  2
   c - Dazzling Spray                 Conjuration/Hexes            3
   d - Fulminant Prism                Conjuration/Hexes            4
   e - Iskenderun's Mystic Blast      Conjuration                  4
   f - Iskenderun's Battlesphere      Conjuration/Charms           5
Comestibles
 h - a slice of pizza
 r - a meat ration
 s - a beef jerky


   Skills:
 - Level 1.7 Dodging
 - Level 1.7 Stealth
 + Level 2.5 Spellcasting
 * Level 5.2 Conjurations


You had 4 spell levels left.
You knew the following spells:

 Your Spells              Type           Power        Failure   Level  Hunger
a - Magic Dart            Conj           ###.         2%          1    #......
b - Searing Ray           Conj           ###...       4%          2    ##.....


You were on level 3 of the Dungeon.
You were not hungry.

You visited 1 branch of the dungeon, and saw 3 of its levels.

You collected 81 gold pieces.

.......
.......
.......
.....g.
....†).###
.......).
......o.#
...<...@#
........#
.......o.
.......#†#
......# .#
###### o#
.. ..

Notes
Turn   | Place    | Note
--------------------------------------------------------------
     0 | D:1      | ololoev the Draconian Conjurer began the quest for the Orb.
     0 | D:1      | Reached XP level 1. HP: 14/14 MP: 3/3
   450 | D:1      | Reached XP level 2. HP: 20/20 MP: 0/5
   467 | D:1      | Learned a level 2 spell: Searing Ray
  2406 | D:1      | Reached XP level 3. HP: 24/26 MP: 3/6
  2415 | D:2      | Found an opulent altar of Gozag.
  2415 | D:2      | Found Gozag's Platinum Reserve.
  2424 | D:2      | Found a stormy altar of Qazlal.
  2722 | D:2      | Found a faded altar to an unknown god.
  2731 | D:2      | Reached skill level 5 in Conjurations
  3122 | D:3      | Killed from afar by an orc priest

Dungeon Overview and Level Annotations

Branches:
Dungeon (3/15)

Altars:
Gozag
Qazlal

Shops:
D:2 *


Message History

The magic dart hits the orc.
You kill the orc!
The goblin shouts!
The orc shouts!
Casting: Magic Dart
Confirm with . or Enter, or press ? or * to list all spells.
Aiming: Magic Dart
Press: ? - help, Shift-Dir - straight line, f - goblin
Aim: a goblin The magic dart hits the goblin.
You kill the goblin!
A hobgoblin, an orc and an orc priest come into view.
Casting: Magic Dart
Confirm with . or Enter, or press ? or * to list all spells.
Aiming: Magic Dart
Press: ? - help, Shift-Dir - straight line, f - orc
Aim: an orc The magic dart hits the orc.
You kill the orc!
The orc shouts!
Casting: Magic Dart
Confirm with . or Enter, or press ? or * to list all spells.
Aiming: Magic Dart
Press: ? - help, Shift-Dir - straight line, f - orc
Aim: an orc, wielding a club The magic dart hits the orc.
The orc is severely wounded.
Casting: Magic Dart
Confirm with . or Enter, or press ? or * to list all spells.
Aiming: Magic Dart
Press: ? - help, Shift-Dir - straight line, f/p - orc
Aim: an orc, wielding a club (severely wounded)
The magic dart hits the orc.
You kill the orc!
The orc priest mumbles some strange prayers to Beogh against you.
Something smites you!
Ouch! That really hurt!
The orc priest invokes the aid of Beogh against you.
Something smites you!
Ouch! That really hurt!
You die...

You could see an orc priest, 2 orcs and a hobgoblin.

Vanquished Creatures
  An adder (D:2)
  An ooze (D:2)
  3 orcs (D:3)
  A ball python (D:1)
  4 giant cockroaches
  8 hobgoblins
  4 bats
  A giant gecko (D:2)
  5 giant newts
  10 goblins
  7 kobolds
  7 rats
52 creatures vanquished.

Action                   || total
-------------------------++-------
Melee: Unarmed           ||    43
       Long sword        ||    34
 Cast: Magic Dart        ||    45
       Searing Ray       ||     6
 Stab: Sleeping          ||     1
  Eat: Chunk             ||     3
       Bread ration      ||     1

Vault maps used:
D:1:      dpeg_arrival_simpleton_a, minmay_misc_feat_cross, st_stairs_1,
          interstate_on_off, minmay_misc_feat_x
D:2:      nicolae_gozag_zags_fifth_avenue, overflow_temple_1_default,
          ecumenical_altar_1
